 Dungeon Crawl Stone Soup version 0.26-a0-658-gbdda728c12 (webtiles) character file.

Game seed: 15708059792107503956

5410 flotson the Covert (level 10, 0/82 HPs)
             Began as a Gnoll Delver on Oct 4, 2020.
             Was an Elder of Fedhas.
             Slain by a basilisk (5 damage)
             ... while petrified by a basilisk
             ... on level 1 of the Lair of Beasts.
             The game lasted 00:17:31 (9378 turns).

flotson the Covert (Gnoll Delver)                   Turns: 9378, Time: 00:17:32

Health: 0/82       AC:  2    Str: 23    XL:     10   Next: 67%
Magic:  0/18       EV:  5    Int: 13    God:    Fedhas [****..]
Gold:   489        SH:  0    Dex: 22    Spells: 17/20 levels left

rFire    . . .     SeeInvis .     - Unarmed
rCold    . . .     Faith    .   (shield currently unavailable)
rNeg     + + +     Spirit   +   (armour currently unavailable)
rPois    ∞         Reflect  .   (helmet currently unavailable)
rElec    .         Harm     .   (cloak currently unavailable)
rCorr    .         Rampage  .   (gloves currently unavailable)
MR       .....                  (boots currently unavailable)
Stlth    +++++.....             I - amulet of guardian spirit
HPRegen  0.23/turn              t - ring of poison resistance
MPRegen  0.16/turn              w - +6 ring of strength

@: spider-form, petrified
A: tiny, distributed training, strong nose
a: End Transformation, Wall of Briars, Grow Ballistomycete, Overgrow, Renounce
Religion


You were on level 1 of the Lair of Beasts.
You worshipped Fedhas.
Fedhas was greatly pleased with you.
You were a venomous arachnid creature.
You visited 3 branches of the dungeon, and saw 11 of its levels.
You also visited: Ossuary.

You collected 489 gold pieces.

Inventory:

Hand Weapons
 a - the +4 trident of Plunder (melded) {freeze, rF+ SInv}
   (You found it on level 5 of the Dungeon)

   It has been specially enchanted to freeze those struck by it, causing extra
   injury to most foes and up to half again as much damage against particularly
   susceptible opponents.
   It can also slow down cold-blooded creatures.
   It protects you from fire.
   It lets you see invisible.
Missiles
 b - 2 poisoned darts (quivered)
Armour
 k - a +1 cloak (melded)
 s - the +0 pair of boots of Starshine (melded) {Rampage rF+ Str-4}
   (You found it on level 7 of the Dungeon)

   It affects your strength (-4).
   It protects you from fire.
   It bestows one free step when moving towards enemies.
 G - a +0 scale mail (melded)
Jewellery
 t - a ring of poison resistance (left front leg)
 w - a +6 ring of strength (right front leg)
 x - an uncursed ring of positive energy
 A - an uncursed ring of protection from cold
 I - an amulet of guardian spirit (around neck)
Wands
 g - a wand of digging (3)
 o - a wand of disintegration (9)
 u - a wand of polymorph (13)
 E - a wand of enslavement (6)
 H - a wand of flame (21)
 J - a wand of acid (6)
Scrolls
 c - a scroll of fog
 d - 3 scrolls of magic mapping
 e - 5 scrolls of fear
 h - 9 scrolls of teleportation
 i - 4 scrolls of blinking {unknown}
 j - 4 scrolls of amnesia {unknown}
 l - 7 scrolls of remove curse
 r - a scroll of enchant armour {unknown}
 y - a scroll of immolation {unknown}
 D - a scroll of enchant weapon {unknown}
 F - a scroll of torment {unknown}
Potions
 f - 2 potions of haste
 m - 3 potions of heal wounds
 n - a potion of invisibility {unknown}
 p - 4 potions of mutation
 q - a potion of flight
 v - 5 potions of brilliance
 z - 2 potions of lignification
 B - a potion of ambrosia
 C - a potion of magic {unknown}
 K - a potion of resistance {unknown}
 L - a potion of might {unknown}
Miscellaneous
 M - a phial of floods


   Skills:
 + Level 8.6 Fighting
 + Level 5.5 Short Blades
 + Level 5.5 Long Blades
 + Level 5.5 Axes
 + Level 5.5 Maces & Flails
 + Level 7.2 Polearms
 + Level 5.5 Staves
 + Level 5.5 Slings
 + Level 5.5 Bows
 + Level 5.5 Crossbows
 + Level 5.5 Throwing
 + Level 5.5 Armour
 + Level 7.2 Dodging
 + Level 10.9 Stealth
 + Level 5.5 Shields
 + Level 5.5 Unarmed Combat
 + Level 5.5 Spellcasting
 + Level 4.5 Conjurations
 + Level 4.5 Hexes
 + Level 4.5 Summonings
 + Level 4.5 Necromancy
 + Level 4.5 Translocations
 + Level 4.5 Transmutations
 + Level 4.5 Fire Magic
 + Level 4.5 Ice Magic
 + Level 4.5 Air Magic
 + Level 4.5 Earth Magic
 + Level 4.5 Poison Magic
 + Level 6.0 Invocations
 + Level 5.5 Evocations


You had 17 spell levels left.
You knew the following spells:

 Your Spells              Type           Power        Failure   Level
a - Spider Form           Tmut/Pois      ###.......   22%         3

Your spell library contained the following spells:

 Spells                   Type           Power        Failure   Level
 Beastly Appendage        Tmut           ###...       10%         1
 Foxfire                  Conj/Fire      ###.         10%         1
 Wereblood                Tmut           ###.....     13%         2
 Confusing Touch          Hex            ###.....     22%         3
 Conjure Flame            Conj/Fire      ###.....     22%         3
 Gell's Gravitas          Tloc           ###.......   22%         3
 Inner Flame              Hex/Fire       ###.....     22%         3
 Ice Form                 Ice/Tmut       ###.....     47%         4
 Petrify                  Tmut/Erth      ###.....     47%         4
 Sticky Flame             Conj/Fire      ###.....     47%         4
 Blade Hands              Tmut           ###.......   78%         5
 Fireball                 Conj/Fire      ###.......   78%         5
 Metabolic Englaciation   Hex/Ice        ###.......   78%         5
 Yara's Violent Unravell  Hex/Tmut       ###.......   78%         5


Dungeon Overview and Level Annotations

Branches:
Dungeon (9/15)             Temple (1/1) D:4            Lair (1/6) D:8
Ossuary (visited)
    Orc: D:9-12

Altars:
Cheibriados
Dithmenos
Elyvilon
Fedhas
Gozag
Hepliaklqana
Kikubaaqudgha
Makhleb
Nemelex Xobeh
Okawaru
Qazlal
Ru
Trog
Uskayaw
Wu Jian
Xom
Yredelemnul
Zin
The Shining One


Innate Abilities, Weirdness & Mutations

Your experience applies equally to all skills.
((You have very sharp teeth.))
Your uncanny sense of smell can sniff out nearby items.


Message History

* * * LOW HITPOINT WARNING * * *
The wolf bites you.
* * * LOW HITPOINT WARNING * * *
The wolf bites you. The wolf bites you!
* * * LOW HITPOINT WARNING * * *
The basilisk gazes at you. The wolf bites you!
* * * LOW HITPOINT WARNING * * *
The wolf bites you but does no damage. The wolf bites you!
* * * LOW HITPOINT WARNING * * *
The wolf barely misses you. x3
The basilisk gazes at you. You resist with some effort. The wolf bites you!
* * * LOW HITPOINT WARNING * * *
The wolf barely misses you. The wolf bites you.
* * * LOW HITPOINT WARNING * * *
The basilisk bites you!
You die...
Fedhas appreciates your contribution to the ecosystem.

....# ##..##+P#
'######
##.......#
......#
#........#
.P###.#
#.......# .
..#...#
#.....[.##..
#.#.#.#
+......[.....
..#.#.#
##......?P....∆
#.#.#.+
#..............
#.#.#.#
##..hs......(..
..#..##
#..hhl....(PP.
..#...#
#.........((..
##.#+##
#............
##...#
###.##+.#...
#...#### ##
##### .......#
......##
....>.P# ##


You could see a basilisk and 3 wolves.

Vanquished Creatures
  A two-headed ogre (D:6)
  The ghost of jasper the Insei, a novice GnTm (D:7)
  A yak (D:8)
  2 wraiths (D:7)
  A human (D:7)
  3 hogs (D:8)
  3 wargs
  A water moccasin (D:8)
  3 orc warriors
  A phantom (D:7)
  A centaur (D:6)
  5 ogres
  3 bullfrogs
  An elf zombie (Ossuary)
  A wyvern zombie (D:8)
  3 scorpions
  A water moccasin skeleton (D:4)
  2 howler monkeys (D:6)
  4 wights (D:8)
  A quasit (D:8)
  3 centaur zombies
  4 orc priests
  2 bullfrog zombies (D:8)
  3 bullfrog skeletons
  A centaur skeleton (D:7)
  2 jellies
  8 orc wizards
  5 hounds
  2 iguanas
  Jessica (D:2)
  A human zombie (Ossuary)
  Terence (D:3)
  A worker ant (D:4)
  2 big kobold zombies (Ossuary)
  A hound zombie (D:5)
  A hound skeleton (D:7)
  2 mummies (Ossuary)
  A worker ant zombie (D:7)
  4 adders
  A hound simulacrum (D:7)
  3 white imps
  An ooze (D:3)
  5 leopard geckos
  32 orcs
  5 bats
  7 giant cockroaches
  7 hobgoblins
  9 jackals
  A quokka (D:5)
  3 ball pythons
  4 frilled lizards
  9 goblins
  3 goblin zombies
  7 hobgoblin zombies (Ossuary)
  A jackal zombie (Ossuary)
  5 kobolds
  9 kobold zombies (Ossuary)
  9 orc zombies (Ossuary)
  7 rats
  3 rat zombies (Ossuary)
215 creatures vanquished.

Vanquished Creatures (others)
  A plant (D:8)
1 creature vanquished.

Grand Total: 216 creatures vanquished

Notes
Turn   | Place    | Note
-------+----------+-------------------------------------------
     0 | D:5      | Reached skill level 9 in Stealth
     0 | D:5      | flotson the Gnoll Delver began the quest for the Orb.
     0 | D:5      | Reached XP level 1. HP: 23/23 MP: 1/1
    29 | D:5      | Got a translucent trident
    30 | D:5      | Identified the +4 trident of Plunder {freeze, rF+ SInv}
                  | (You found it on level 5 of the Dungeon)
   129 | D:5      | Reached XP level 2. HP: 26/29 MP: 2/2
   158 | D:4      | Found a sacrificial altar of Ru.
   165 | D:4      | Found a shadowy altar of Dithmenos.
   171 | D:4      | Reached skill level 1 in Invocations
   171 | D:4      | Reached XP level 3. HP: 35/35 MP: 2/4
   240 | D:4      | Reached skill level 1 in Short Blades
   240 | D:4      | Reached skill level 1 in Long Blades
   240 | D:4      | Reached skill level 1 in Axes
   240 | D:4      | Reached skill level 1 in Maces & Flails
   240 | D:4      | Reached skill level 1 in Staves
   240 | D:4      | Reached skill level 1 in Slings
   240 | D:4      | Reached skill level 1 in Bows
   240 | D:4      | Reached skill level 1 in Crossbows
   240 | D:4      | Reached skill level 1 in Throwing
   240 | D:4      | Reached skill level 1 in Armour
   240 | D:4      | Reached skill level 1 in Shields
   240 | D:4      | Reached skill level 1 in Unarmed Combat
   240 | D:4      | Reached skill level 1 in Spellcasting
   240 | D:4      | Reached skill level 1 in Evocations
   252 | D:4      | Found a staircase to the Ecumenical Temple.
   270 | Temple   | Entered the Ecumenical Temple
   352 | Temple   | Became a worshipper of Fedhas Madash
   421 | D:4      | Reached skill level 1 in Conjurations
   421 | D:4      | Reached skill level 1 in Hexes
   421 | D:4      | Reached skill level 1 in Summonings
   421 | D:4      | Reached skill level 1 in Necromancy
   421 | D:4      | Reached skill level 1 in Translocations
   421 | D:4      | Reached skill level 1 in Transmutations
   421 | D:4      | Reached skill level 1 in Fire Magic
   421 | D:4      | Reached skill level 1 in Ice Magic
   421 | D:4      | Reached skill level 1 in Air Magic
   421 | D:4      | Reached skill level 1 in Earth Magic
   421 | D:4      | Reached skill level 1 in Poison Magic
   421 | D:4      | Reached XP level 4. HP: 23/41 MP: 5/5
   464 | D:4      | Reached XP level 5. HP: 29/47 MP: 5/7
   482 | D:4      | Found a sand-covered staircase.
   489 | Ossuary  | Entered an ossuary
   695 | Ossuary  | Reached XP level 6. HP: 32/53 MP: 8/8
   707 | Ossuary  | Reached * piety under Fedhas
   728 | Ossuary  | Reached skill level 5 in Polearms
   728 | Ossuary  | Reached skill level 5 in Dodging
  1294 | D:2      | Found a burning altar of Makhleb.
  1399 | D:1      | You fall into a shaft and drop 1 floor!
  1400 | D:2      | Noticed Jessica
  1401 | D:2      | Killed Jessica
  1600 | D:1      | Reached ** piety under Fedhas
  2374 | D:2      | Reached XP level 7. HP: 59/59 MP: 10/10
  2816 | D:3      | Found a stormy altar of Qazlal.
  2864 | D:3      | Noticed Terence
  2869 | D:3      | Killed Terence
  4959 | D:6      | Reached skill level 10 in Stealth
  5020 | D:6      | Reached XP level 8. HP: 67/67 MP: 12/12
  5030 | D:6      | Reached *** piety under Fedhas
  5245 | D:6      | Noticed a two-headed ogre
  5375 | D:6      | Killed a two-headed ogre
  5375 | D:6      | Reached XP level 9. HP: 73/73 MP: 12/15
  5956 | D:7      | Found a transporter.
  5956 | D:7      | Noticed jasper's ghost (novice GnTm)
  5957 | D:7      | Found a transporter.
  6185 | D:7      | Reached **** piety under Fedhas
  6426 | D:7      | Found a hazy altar of Hepliaklqana.
  6455 | D:7      | Got a pair of crude boots
  6466 | D:7      | Identified the +0 pair of boots of Starshine {Rampage rF+
                  | Str-4} (You found it on level 7 of the Dungeon)
  6786 | D:8      | Reached skill level 5 in Invocations
  6885 | D:8      | Found a staircase to the Lair.
  7141 | D:8      | Reached XP level 10. HP: 75/80 MP: 17/17
  7400 | D:8      | Reached skill level 5 in Short Blades
  7400 | D:8      | Reached skill level 5 in Long Blades
  7400 | D:8      | Reached skill level 5 in Axes
  7400 | D:8      | Reached skill level 5 in Maces & Flails
  7400 | D:8      | Reached skill level 5 in Staves
  7400 | D:8      | Reached skill level 5 in Slings
  7400 | D:8      | Reached skill level 5 in Bows
  7400 | D:8      | Reached skill level 5 in Crossbows
  7400 | D:8      | Reached skill level 5 in Throwing
  7400 | D:8      | Reached skill level 5 in Armour
  7400 | D:8      | Reached skill level 5 in Shields
  7400 | D:8      | Reached skill level 5 in Unarmed Combat
  7400 | D:8      | Reached skill level 5 in Spellcasting
  7400 | D:8      | Reached skill level 5 in Evocations
  8055 | D:7      | Reached ***** piety under Fedhas
  8285 | D:7      | Killed jasper's ghost
  8386 | D:8      | Found a snail-covered altar of Cheibriados.
  8636 | D:8      | Found a staircase to the Lair.
  8733 | D:8      | Found a snail-covered altar of Cheibriados.
  9217 | D:9      | Noticed a death knight
  9217 | D:9      | Noticed a skeletal warrior
  9217 | D:9      | Noticed a skeletal warrior
  9260 | Lair:1   | Entered Level 1 of the Lair of Beasts
  9359 | Lair:1   | Learned a level 3 spell: Spider Form
  9378 | Lair:1   | Slain by a basilisk

Illustrated notes

Levels and vault maps discovered:
D:1:      shiori_arrival_elements, layout_basic
D:2:      layout_basic, makhleb_blood_cavern_becter, uniq_jessica
D:3:      layout_basic, lemuel_crystal_altar, uniq_terence
D:4:      layout_loops_cross, nicolae_overflow_crystal_walls,
          minmay_temple_entry_arrows, enter_ossuary_4, grunt_dithmenos_smoke
D:5:      lemuel_ice_spiral_2, layout_basic
D:6:      layout_basic
D:7:      layout_loops_corners, overflow_temple_1_default,
          gammafunk_ghost_mausoleum
D:8:      layout_basic, old_standard_altar, erik_lair_orcish_takeover,
          serial_corexii_hall, corexii_hall_statues_s, corexii_hall_statues_l,
          minmay_holes, grunt_livestock
D:9:      layout_roguey, lemuel_blue_sif_altar, kennysheep_mini, serial_shops,
          shop
Temple:   lightli_temple_of_artemis
Lair:1:   layout_roguey, lemuel_fruit_tree, minmay_lair_oklob_chamber

Skill      XL: |  1  2  3  4  5  6  7  8  9 10 |
---------------+-------------------------------+-----
Stealth        | 10 | 10.9
Invocations    | 1 2 3 4 5 6 |  6.0
Short Blades   | 1 2 4 5 |  5.5
Long Blades    | 1 2 4 5 |  5.5
Axes           | 1 2 4 5 |  5.5
Maces & Flails | 1 2 4 5 |  5.5
Staves         | 1 2 4 5 |  5.5
Slings         | 1 2 4 5 |  5.5
Bows           | 1 2 4 5 |  5.5
Crossbows      | 1 2 4 5 |  5.5
Throwing       | 1 2 4 5 |  5.5
Armour         | 1 2 4 5 |  5.5
Shields        | 1 2 4 5 |  5.5
Unarmed Combat | 1 2 4 5 |  5.5
Spellcasting   | 1 2 4 5 |  5.5
Evocations     | 1 2 4 5 |  5.5
Conjurations   | 1 2 3 4 |  4.5
Hexes          | 1 2 3 4 |  4.5
Summonings     | 1 2 3 4 |  4.5
Necromancy     | 1 2 3 4 |  4.5
Translocations | 1 2 3 4 |  4.5
Transmutations | 1 2 3 4 |  4.5
Fire Magic     | 1 2 3 4 |  4.5
Ice Magic      | 1 2 3 4 |  4.5
Air Magic      | 1 2 3 4 |  4.5
Earth Magic    | 1 2 3 4 |  4.5
Poison Magic   | 1 2 3 4 |  4.5
Polearms       | 5 6 7 |  7.2
Dodging        | 5 6 7 |  7.2
Fighting       | 7 8 |  8.6

Action                   |  1- 3 |  4- 6 |  7- 9 | 10-12 || total
-------------------------+-------+-------+-------+-------++-------
Melee: Trident           |    30 |   170 |   267 |   156 ||   623
       Bite              |     5 |    10 |    35 |    18 ||    68
       Punch             |       |     3 |     6 |     8 ||    17
Throw: Dart              |       |       |     4 |       ||     4
 Cast: Spider Form       |       |       |       |     1 ||     1
Evoke: Wand              |       |       |     4 |       ||     4
  Use: Potion            |       |     2 |     1 |       ||     3
       Scroll            |       |       |     2 |     7 ||     9
 Stab: Sleeping          |     4 |    25 |    19 |     5 ||    53
       Distracted        |       |     1 |     2 |     1 ||     4
Armor: Leather armour    |     6 |    36 |     9 |       ||    51
       Scale mail        |       |       |    52 |    49 ||   101
       Skin              |       |       |       |     3 ||     3
Dodge: Dodged            |    16 |    85 |   151 |   114 ||   366

Table legend: (Time is in decaauts)
 A = Elapsed time spent in this place.
 B = Non-inter-level travel time spent in this place.
 C = Inter-level travel time spent in this place.
 D = Time resting spent in this place.
 E = Time spent auto-exploring this place.
 F = Levels seen in this place.
 G = Mean time per level.
                   A        B        C        D        E       F      G
               +--------+--------+--------+--------+--------+-----+--------+
         Total |   9376 |   8873 |    503 |    934 |   6094 |  12 |  781.3 |
       Dungeon |   8540 |   8051 |    489 |    651 |   5755 |   9 |  948.9 |
        Temple |     96 |     82 |     14 |      0 |     77 |   1 |   96.0 |
          Lair |    119 |    119 |      0 |      0 |     85 |   1 |  119.0 |
       Ossuary |    619 |    619 |      0 |    283 |    177 |   1 |  619.0 |
               +--------+--------+--------+--------+--------+-----+--------+

Top non-repeatable levels by time:
     D:8: 1886 daAuts
     D:7: 1585 daAuts
     D:6: 1143 daAuts
     D:5: 1036 daAuts
     D:1: 794 daAuts
     D:3: 786 daAuts
     D:2: 772 daAuts
 Ossuary: 619 daAuts
     D:4: 533 daAuts
  Lair:1: 119 daAuts
  Temple: 96 daAuts
     D:9: 1 daAuts
